Match 42770972
Unlisted

Match 42770972
End
Kradschützen Motorcycle Team
Selects Italian Combined Arms Battlegroup
Selects Bersaglieri Squad
Bersaglieri Squad
Bersaglieri Squad
Construct Light Support Kompanie
Bersaglieri Squad
Selects Bersaglieri Bolster
2.5-tonne Medical Truck
Fire Support Elements
Flakvierling Half-track
Selects Breda Model 30 Light Machine Guns
Construct Mechanized Kompanie
Vehicle Survival Package
Marder III Tank Destroyer
Marder III Tank Destroyer
Emergency Repair Kits
254 Reconnaissance Tractor
Selects Semovente da 75/18 Assault Gun
Bersaglieri Squad
Construct Panzerarmee Kommand
Selects Strafing Run
Bersaglieri Squad
Walking Stuka Rocket Launcher
Strafing Run
254 Reconnaissance Tractor
BigTiddyLebron
kreumat
g3org391
Zhongda
0
0

Comments sign in to comment!

No comments posted yet!